 Dungeon Crawl Stone Soup version 0.18.1-48-g4cf74bf (webtiles) character file.

292440 nikopol the Impaler (level 20, -4/181 (182) HPs)
             Began as a Minotaur Berserker on July 9, 2016.
             Was the Champion of Trog.
             Killed by divine providence
             ... invoked by a sphinx
              (14 damage)
             ... on level 3 of the Vaults on July 10, 2016.
             The game lasted 02:47:24 (37014 turns).

nikopol the Impaler (Minotaur Berserker)           Turns: 37014, Time: 02:47:25

HP:   -4/181 (182)  AC: 36    Str: 24    XL:     20   Next: 33%
MP:   19/19         EV: 18    Int:  7    God:    Trog [******]
Gold: 3050          SH:  4    Dex: 17    Spells: 0 memorised, 19 levels left

rFire  + . .     SeeInvis .     x - +3 glaive (protect)
rCold  + . .     Gourm    .     E - +9 armour of the Dragon King {rPois rF+ rC+ MR+}
rNeg   + . .     Faith    .     (shield currently unavailable)
rPois  +         Spirit   .     m - +0 hat "Zuungaq" {*Drain +Fly rElec}
rElec  +         Dismiss  .     v - +2 cloak {+Inv}
rCorr  .         Reflect  +     V - +0 pair of gloves
SustAt .         Harm     .     d - +2 pair of boots of Theory {Regen+ Int+3}
MR     ++++.                    L - +4 amulet of reflection
Stlth  ..........               O - ring of positive energy
                                i - +5 ring of evasion

@: exhausted, about to teleport, corroded, regenerating, slowed, drained, very
slow, incredibly resistant to hostile enchantments, extremely unstealthy
A: retaliatory headbutt, horns 2, regeneration 1, MP-powered wands
a: Berserk, Trog's Hand, Brothers in Arms, Burn Spellbooks, Renounce Religion,
Evoke Invisibility, Evoke Flight
}: 1/15 runes: gossamer


You were on level 3 of the Vaults.
You worshipped Trog.
Trog was exalted by your worship.
You were near starving.

You visited 5 branches of the dungeon, and saw 32 of its levels.
You also visited: Labyrinth and Ice Cave.

You collected 3170 gold pieces.
You spent 120 gold pieces at shops.

Inventory:

Hand Weapons
 c - a +6 longbow of flaming
 x - a +3 glaive of protection (weapon)
 Z - a +4 halberd of freezing
Missiles
 n - 680 arrows (quivered)
Armour
 d - the +2 pair of boots of Theory (worn) {Regen+ Int+3}
   (You acquired it on level 5 of the Dungeon)

   It affects your intelligence (+3).
   It increases your rate of regeneration.
 m - the +0 hat "Zuungaq" (worn) {*Drain +Fly rElec}
   (You acquired it on level 5 of the Dungeon)

   It insulates you from electricity.
   It lets you fly.
   It causes draining when unequipped.
 v - a +2 cloak of invisibility (worn)
 E - the +9 armour of the Dragon King (worn) {rPois rF+ rC+ MR+}
   (You found it on level 3 of the Vaults)

   It protects you from fire.
   It protects you from cold.
   It protects you from poison.
   It affects your resistance to hostile enchantments.
 V - a +0 pair of gloves (worn)
Jewellery
 i - a +5 ring of evasion (left hand)
 r - an uncursed ring of protection from cold
 L - a +4 amulet of reflection (around neck)
 O - a ring of positive energy (right hand)
 T - an uncursed amulet of regeneration
 X - an uncursed ring of see invisible
Wands
 b - a wand of disintegration (19/24)
Scrolls
 s - 6 scrolls of enchant weapon
 t - 5 scrolls of teleportation
 y - 3 scrolls of recharging
 C - 5 scrolls of identify
 H - 5 scrolls of blinking
 K - 4 scrolls of enchant armour
 N - a scroll of summoning
 Q - 7 scrolls of remove curse
 W - a scroll of fog
Potions
 e - 5 potions of agility
 g - 7 potions of resistance
 h - a potion of invisibility
 j - 5 potions of flight
 k - 13 potions of curing
 l - 12 potions of heal wounds
 q - 3 potions of haste
 z - 8 potions of might
 A - 5 potions of brilliance
 B - 2 potions of cancellation
 D - 7 potions of ambrosia
 I - 5 potions of cure mutation
 J - 2 potions of berserk rage
Comestibles
 a - 2 chunks of flesh
 f - 9 meat rations
 u - 4 beef jerkies
 F - 18 bread rations
 G - 8 royal jellies
 M - 6 slices of pizza
 R - 21 fruits


   Skills:
 + Level 16.4(16.2) Fighting
 + Level 20.9(20.7) Polearms
 * Level 19.5(19.3) Bows
 + Level 16.9(16.7) Armour
 + Level 15.2(15.0) Dodging


You had 19 spell levels left.
You didn't know any spells.

Dungeon Overview and Level Annotations

Branches:
Dungeon (15/15)            Temple (0/1) D:5            Lair (8/8) D:10
 Shoals (0/4) Lair:4       Spider (4/4) Lair:4        Slime (0/6) Lair:8
    Orc (2/2) D:11            Elf (0/3) Orc:2        Vaults (3/5) D:13
  Crypt (0/3) Vaults:3     Depths (0/5) D:15

Altars:
Elyvilon
Fedhas
Kikubaaqudgha
Nemelex Xobeh
Okawaru
Pakellas
Ru
Sif Muna
Trog
Yredelemnul
The Shining One

Shops:
D:5 *?!   D:9 %   Orc:1 =}%!   Orc:2 *%=([   Vaults:2 [


Innate Abilities, Weirdness & Mutations

You reflexively headbutt those who attack you in melee.
You have a pair of horns on your head.
Your natural rate of healing is unusually fast.
You expend magic power (3 MP) to strengthen your wands.


Message History

The bolt of acid hits you!
* * * LOW HITPOINT WARNING * * *
The acid corrodes you!
The acid burns!
* * * LOW HITPOINT WARNING * * *
The vault warden activates a sealing rune.
The salamander stormcaller hits you but does no damage.
The sphinx mumbles some strange words.
Something smites you!
* * * LOW HITPOINT WARNING * * *
Something touches you but does no damage.
You miss the tengu reaver.
The tengu reaver is almost dead.
The tengu reaver hits you with a long sword!
* * * LOW HITPOINT WARNING * * *
You block the tengu reaver's attack.
The tengu reaver claws you but does no damage.
The vault sentinel blows a loud note on a signal horn!
The sphinx mumbles some strange words.
Something smites you!
You die...

#. ##...# ##..# ##...#
....#. #..... .....( ###
##...#
....rc###.############...#
F...tH1uWC#........†'.....
#p.Npc#.....)...##...#
###p{Q#.........##...#
###@+..)......#.....
###.........#'##'#
#.........+.##.#
#...?.....##..##
##########'##########..##
#### #.......#.....#
#.##.# ...#
#.......#.....######'####
...#
#.......#.....#......###.
...#
#.......#.....#......##..


You could see a Tzitzimitl, a red very ugly thing, a sphinx, a stone giant, 2
vault wardens, a tengu reaver, 2 yaktaur captains, a salamander stormcaller, a
fire crab, a vault sentinel, a freezing wraith and a porcupine.

Vanquished Creatures
  Saint Roka (Orc:2)
  Arachne (Spider:2)
  A tentacled monstrosity (Vaults:3)
  A lich (Vaults:3)
  Rupert (Lair:4)
  A sphinx (Vaults:2)
  Agnes (D:14)
  Kirke (Lair:7)
  A tengu reaver (Vaults:3)
  2 frost giants
  Donald (Spider:1)
  5 vault wardens
  5 ghost moths
  Louise (Spider:3)
  Maud (D:13)
  8 emperor scorpions
  3 ironheart preservers
  2 war gargoyles
  2 salamander stormcallers
  2 deep elf annihilators (Vaults:1)
  5 stone giants
  Nessos (D:15)
  A deep elf demonologist (Vaults:1)
  The ghost of kobby the Cleaver, a journeyman HOFi of Okawaru (D:14)
  A dire elephant (Lair:8)
  Snorg (Lair:4)
  A minotaur (Lab)
  A fire dragon (Vaults:3)
  3 entropy weavers
  8 yaktaur captains
  6 hydras
  An ice dragon (Vaults:3)
  2 catoblepae
  A death knight (Vaults:3)
  6 centaur warriors
  A deep troll shaman (Lair:8)
  Erica (Orc:1)
  A dancing weapon (Vaults:3)
  A queen ant (Spider:3)
  5 death yaks (Lair:8)
  5 ogre magi
  7 orc high priests (Orc:2)
  Sonja (D:15)
  3 deep elf knights
  Nergalle (Lair:1)
  2 fire crabs
  4 skeletal warriors
  A deep troll (shapeshifter) (Vaults:2)
  4 deep trolls (Vaults:2)
  2 flayed ghosts
  7 hill giants
  13 ironbrand convokers
  A phantasmal warrior (Vaults:2)
  A harpy (shapeshifter) (Vaults:2)
  A deep elf archer (Vaults:2)
  20 orb spiders
  44 wolf spiders
  3 orc sorcerers
  8 orc knights
  8 deep elf magi
  2 oklob plants (Lair:5)
  6 griffons
  2 necromancers
  38 ugly things
  4 manticores
  5 hornets
  2 human skeletons
  13 elephants
  7 cyclopes
  5 moths of wrath
  5 black mambas
  6 vault sentinels
  Joseph (D:7)
  2 centaur zombies
  A frost giant skeleton (Vaults:1)
  The ghost of Krapule the Grave Robber, a novice DDNe (D:6)
  2 octopodes (shapeshifter)
  An ice statue (IceCv)
  11 spiny frogs
  A centaur skeleton (D:15)
  6 gargoyles
  3 rime drakes
  18 demonic crawlers
  11 komodo dragons
  15 yaktaurs
  4 kobold demonologists (Vaults:3)
  4 freezing wraiths
  2 efreet
  A queen bee (shapeshifter) (D:15)
  5 trolls
  20 polar bears
  32 jumping spiders
  12 two-headed ogres
  7 slime creatures (Vaults:2)
  19 blink frogs
  4 boulder beetles
  A stone giant simulacrum (Vaults:1)
  2 human simulacra
  27 tarantellas
  Sigmund (D:2)
  79 redbacks
  2 shadows
  40 yaks
  A vampire (D:15)
  16 humans (D:13)
  Grum (D:8)
  4 hogs
  4 wyverns
  3 basilisks
  17 vampire mosquitoes
  2 hogs (shapeshifter) (Vaults:3)
  10 hungry ghosts
  9 hippogriffs
  4 wargs (Orc:2)
  2 mottled dragons
  8 soldier ants
  24 water moccasins
  11 porcupines
  11 ice beasts
  A black bear (shapeshifter) (D:14)
  45 orc warriors
  4 sky beasts
  2 black bears
  An elf zombie (Vaults:1)
  2 phantoms
  The ghost of Aquadorian the Slasher, an amateur MiFi (D:3)
  31 ogres
  A human zombie (Vaults:3)
  36 wolves
  6 boggarts (Vaults:3)
  2 necrophages
  11 centaurs
  19 crocodiles
  6 big kobolds
  31 giant frogs
  A wyvern zombie (D:10)
  4 scorpions
  6 killer bees (D:10)
  6 electric eels
  2 howler monkeys
  11 crimson imps
  A quasit (D:7)
  A giant frog zombie (D:12)
  3 hounds
  4 giant frog skeletons
  13 jellies
  27 orc priests
  34 orc wizards
  11 iguanas
  Ijyb (D:2)
  32 worker ants
  25 sheep
  A hound skeleton (D:6)
  The ghost of meme the Gusty, a weakling DEAE (D:4)
  2 worker ant zombies
  4 gnolls (D:8)
  15 adders
  63 river rats
  5 shadow imps
  5 oozes (D:8)
  An adder zombie (D:9)
  2 worms (D:2)
  2 dart slugs
  5 giant geckos
  94 orcs
  A ball python (D:3)
  11 giant cockroaches
  11 goblins
  11 hobgoblins
  20 jackals
  4 quokkas
  6 bats
  2 giant newts
  24 kobolds
  5 rats
  A spectral orc (D:2)
  2 fire vortices (Vaults:3)
  7 fungi (Lair:8)
  3 plants (Lair:8)
1471 creatures vanquished.

Vanquished Creatures (collateral kills)
  5 orc priests (Orc:2)
  An orc (Orc:2)
6 creatures vanquished.

Vanquished Creatures (others)
  A stone giant (Vaults:3)
  A salamander stormcaller (Vaults:3)
  An ogre mage (Vaults:2)
  A wolf spider (Spider:2)
  A spiny frog (Lair:8)
  A yaktaur (Vaults:1)
  A jumping spider (Spider:2)
  A human (Lair:7)
  2 boggarts (Vaults:3)
  A butterfly (Lair:8)
  5 fungi
  4 plants (Lair:8)
20 creatures vanquished.

Grand Total: 1497 creatures vanquished

Notes
Turn   | Place    | Note
--------------------------------------------------------------
     0 | D:1      | nikopol the Minotaur Berserker began the quest for the Orb.
     0 | D:1      | Reached XP level 1. HP: 19/19 MP: 0/0
    98 | D:1      | Reached XP level 2. HP: 22/27 MP: 1/1
   361 | D:1      | Reached ** piety under Trog
   361 | D:1      | Reached XP level 3. HP: 27/33 MP: 2/2
   564 | D:2      | Noticed Ijyb
   570 | D:2      | Killed Ijyb
   570 | D:2      | Reached skill level 4 in Polearms
   588 | D:2      | Reached XP level 4. HP: 39/41 MP: 3/3
   682 | D:2      | Found a basalt altar of Yredelemnul.
  1043 | D:2      | Found a glowing golden altar of the Shining One.
  1290 | D:2      | Noticed Sigmund
  1310 | D:2      | Killed Sigmund
  1310 | D:2      | Reached skill level 5 in Fighting
  1310 | D:2      | Reached skill level 5 in Polearms
  1310 | D:2      | Reached XP level 5. HP: 3/48 MP: 4/4
  1310 | D:2      | Reached XP level 6. HP: 4/56 MP: 5/5
  2010 | D:3      | Noticed Aquadorian's ghost (amateur MiFi)
  2019 | D:3      | Killed Aquadorian's ghost
  2140 | D:3      | Reached *** piety under Trog
  2484 | D:4      | Reached skill level 5 in Armour
  2490 | D:4      | Reached XP level 7. HP: 29/62 MP: 6/6
  2708 | D:4      | Noticed meme's ghost (weakling DEAE)
  2713 | D:4      | Killed meme's ghost
  2863 | D:4      | Reached skill level 6 in Polearms
  3112 | D:4      | Found an ancient bone altar of Kikubaaqudgha.
  3266 | D:5      | Entered Level 5 of the Dungeon
  3266 | D:5      | Found Zietras's Distillery.
  3314 | D:5      | Found a basalt altar of Yredelemnul.
  3357 | D:5      | Reached **** piety under Trog
  3357 | D:5      | Reached skill level 1 in Bows
  3359 | D:5      | Reached skill level 5 in Dodging
  3368 | D:5      | Reached XP level 8. HP: 12/71 MP: 7/7
  3839 | D:5      | Found Qepnaoj's Magic Scroll Emporium.
  3853 | D:5      | Received a gift from Trog
  3854 | D:5      | Found Duashro's General Store.
  3893 | D:5      | Bought a scroll of remove curse for 30 gold pieces
  4111 | D:5      | Found a staircase to the Ecumenical Temple.
  4134 | D:6      | Found a sparkling altar of Nemelex Xobeh.
  4147 | D:6      | Reached skill level 7 in Polearms
  4295 | D:6      | Noticed Krapule's ghost (novice DDNe)
  4308 | D:6      | Killed Krapule's ghost
  4507 | D:6      | Found a runed door.
  4537 | D:6      | Reached skill level 8 in Polearms
  4540 | D:6      | Found a runed door.
  4755 | D:6      | Reached XP level 9. HP: 55/79 MP: 8/8
  5083 | D:7      | Reached skill level 5 in Bows
  5104 | D:7      | Found an iron altar of Okawaru.
  5185 | D:7      | Received a gift from Trog
  5270 | D:7      | Found an oddly glowing altar of Pakellas.
  5553 | D:7      | Noticed Joseph
  5566 | D:7      | Killed Joseph
  5566 | D:7      | Reached skill level 9 in Polearms
  6154 | D:8      | Noticed Grum
  6174 | D:8      | Killed Grum
  6176 | D:8      | Reached XP level 10. HP: 88/88 MP: 9/9
  6320 | D:8      | Reached ***** piety under Trog
  6745 | D:9      | Reached skill level 10 in Polearms
  6779 | D:9      | Noticed a manticore
  6793 | D:9      | Killed a manticore
  6793 | D:9      | Received a gift from Trog
  7055 | D:9      | Found Kouxzoaq's Food Shoppe.
  7221 | D:9      | Found a glowing golden altar of the Shining One.
  7382 | D:9      | Found a deep blue altar of Sif Muna.
  7630 | D:9      | Found a sacrificial altar of Ru.
  7632 | D:9      | Found a blossoming altar of Fedhas.
  7894 | D:10     | Entered Level 10 of the Dungeon
  8166 | D:10     | Noticed a hill giant
  8180 | D:10     | Killed a hill giant
  8347 | D:10     | Reached skill level 11 in Polearms
  8980 | D:10     | Found a staircase to the Lair.
  8980 | D:10     | Noticed an elephant
  8986 | D:10     | Received a gift from Trog
  9015 | D:10     | Killed an elephant
  9015 | D:10     | Reached XP level 11. HP: 77/96 MP: 10/10
  9400 | Lair:1   | Entered Level 1 of the Lair of Beasts
  9850 | Lair:1   | Received a gift from Trog
  9881 | Lair:1   | Noticed Nergalle
  9901 | Lair:1   | Killed Nergalle
  9901 | Lair:1   | Reached skill level 12 in Polearms
 10338 | Lair:2   | Received a gift from Trog
 10643 | Lair:2   | Noticed a griffon
 10659 | Lair:2   | Killed a griffon
 10722 | Lair:2   | Received a gift from Trog
 10834 | Lair:2   | Reached skill level 10 in Fighting
 10935 | Lair:2   | Reached skill level 10 in Bows
 11028 | Lair:2   | Received a gift from Trog
 11040 | Lair:2   | Reached skill level 10 in Armour
 11040 | Lair:2   | Reached XP level 12. HP: 75/105 MP: 11/11
 11253 | Lair:2   | Got a distressingly furry chain mail
 11496 | Lair:3   | Reached skill level 13 in Polearms
 11516 | Lair:3   | Received a gift from Trog
 11589 | Lair:3   | Found a labyrinth entrance.
 11595 | Lab      | Entered a labyrinth
 11739 | Lab      | Noticed a minotaur
 11965 | Lab      | Killed a minotaur
 12240 | Lab      | Identified the cursed +0 chain mail of Watchfulness {+Inv rC- Regen+ Str+7} (You found it on level 2 of the Lair of Beasts)
 12240 | Lab      | Identified 4 scrolls of acquirement
 12281 | Lab      | Got a faintly glowing leather armour
 12651 | D:11     | Got a shimmering ring mail
 13270 | D:11     | Found a staircase to the Orcish Mines.
 13365 | D:11     | Reached ****** piety under Trog
 13586 | D:11     | Received a gift from Trog
 13894 | D:5      | Bought a scroll of remove curse for 30 gold pieces
 13894 | D:5      | Bought a scroll of remove curse for 30 gold pieces
 13894 | D:5      | Bought a scroll of remove curse for 30 gold pieces
 13924 | D:5      | Identified the +5 ring mail "Puriacw" {*Contam rCorr Dex+8 SInv} (You found it on level 11 of the Dungeon)
 13935 | D:5      | Identified the +1 leather armour "Nuceam" {rPois Str+4} (You found it in a labyrinth)
 13944 | D:5      | Gained mutation: You expend magic power (3 MP) to strengthen your wands. [mutagenic glow]
 13957 | D:5      | Got a pair of spiked boots
 13963 | D:5      | Identified the +2 pair of boots of Theory {Regen+ Int+3} (You acquired it on level 5 of the Dungeon)
 13980 | D:5      | Got a transparent crystal plate armour
 13991 | D:5      | Identified the +2 crystal plate armour "Eciagrof" {MR+} (You acquired it on level 5 of the Dungeon)
 13994 | D:5      | Got a pitted hat
 14000 | D:5      | Identified the +0 hat "Zuungaq" {*Drain +Fly rElec} (You acquired it on level 5 of the Dungeon)
 14743 | Lair:3   | Reached skill level 14 in Polearms
 14749 | Lair:3   | Received a gift from Trog
 14928 | Lair:3   | Received a gift from Trog
 15265 | Lair:4   | Noticed Rupert
 15288 | Lair:4   | Paralysed by Rupert for 5 turns
 15301 | Lair:4   | Killed Rupert
 15301 | Lair:4   | Reached skill level 10 in Dodging
 15301 | Lair:4   | Reached XP level 13. HP: 115/115 MP: 12/12
 15426 | Lair:4   | Found a staircase to the Shoals.
 15678 | Lair:4   | Found a hole to the Spider Nest.
 15987 | Lair:4   | Noticed Snorg
 16003 | Lair:4   | Killed Snorg
 16364 | Lair:5   | Found a frozen archway.
 16401 | IceCv    | Entered an ice cave
 16763 | IceCv    | Noticed a frost giant
 16811 | IceCv    | Killed a frost giant
 16811 | IceCv    | Reached skill level 15 in Polearms
 17078 | IceCv    | Received a gift from Trog
 19152 | Lair:7   | Noticed Kirke
 19157 | Lair:7   | Reached XP level 14. HP: 125/125 MP: 13/13
 19199 | Lair:7   | Killed Kirke
 19674 | Lair:7   | Found a bloodstained altar of Trog.
 19990 | Lair:8   | Entered Level 8 of the Lair of Beasts
 19994 | Lair:8   | Received a gift from Trog
 20149 | Lair:8   | Found a staircase to the Slime Pits.
 20176 | Lair:8   | Gained mutation: Your natural rate of healing is unusually fast. [potion of beneficial mutation]
 20213 | Lair:8   | Received a gift from Trog
 20273 | Lair:8   | Reached skill level 16 in Polearms
 20317 | Lair:8   | Received a gift from Trog
 20707 | Lair:8   | Got a flickering iron ring
 20970 | Lair:8   | Received a gift from Trog
 21523 | Orc:1    | Entered Level 1 of the Orcish Mines
 21523 | Orc:1    | Noticed Erica
 21539 | Orc:1    | Killed Erica
 21572 | Orc:1    | Found Kahougih's Jewellery Shoppe.
 21688 | Orc:1    | Found Benokh's Gadget Shoppe.
 21855 | Orc:2    | Entered Level 2 of the Orcish Mines
 21908 | Orc:2    | Found a staircase to the Elven Halls.
 21932 | Orc:2    | Received a gift from Trog
 21940 | Orc:2    | Noticed Saint Roka
 21945 | Orc:2    | Noticed a stone giant
 21962 | Orc:2    | Killed Saint Roka
 21962 | Orc:2    | Reached XP level 15. HP: 72/134 MP: 3/14
 22142 | Orc:2    | Found Asmib's General Store.
 22533 | Orc:2    | Received a gift from Trog
 22938 | Orc:2    | Received a gift from Trog
 23257 | Orc:2    | Found Hovvoph's Food Emporium.
 23260 | Orc:2    | Found Cocy's Antique Armour Emporium.
 23261 | Orc:2    | Found Finizi Nueg's Jewellery Emporium.
 23262 | Orc:2    | Found Kohalaoj's Weapon Shoppe.
 23513 | Orc:1    | Found Caquiclo's Food Boutique.
 23622 | Orc:1    | Found Gulaplem's Distillery.
 23745 | Orc:2    | Identified the cursed ring "Sithoep" {MR- Int+3 Dex-3 Stlth+} (You found it on level 8 of the Lair of Beasts)
 23943 | D:12     | Received a gift from Trog
 23952 | D:12     | Reached skill level 17 in Polearms
 24207 | D:13     | Noticed Maud
 24222 | D:13     | Killed Maud
 24438 | D:13     | Reached skill level 15 in Bows
 24787 | D:13     | Found a gate to the Vaults.
 24950 | D:13     | Received a gift from Trog
 25261 | D:13     | Found a deep blue altar of Sif Muna.
 25576 | D:14     | Noticed kobby's ghost (journeyman HOFi)
 25596 | D:14     | Killed kobby's ghost
 26349 | D:15     | Entered Level 15 of the Dungeon
 26366 | D:15     | Noticed Agnes
 26386 | D:14     | Killed Agnes
 26548 | D:15     | Found a white marble altar of Elyvilon.
 26609 | D:15     | Noticed Nessos
 26636 | D:15     | Killed Nessos
 26636 | D:15     | Reached XP level 16. HP: 131/144 MP: 13/15
 27025 | D:15     | Found a staircase to the Depths.
 27077 | D:15     | Received a gift from Trog
 27250 | D:15     | Reached skill level 18 in Polearms
 27404 | D:15     | Noticed Sonja
 27405 | D:15     | Killed Sonja
 27947 | Spider:1 | Entered Level 1 of the Spider Nest
 28289 | Spider:1 | Noticed Donald
 28300 | Spider:1 | Killed Donald
 28312 | Spider:1 | Received a gift from Trog
 29076 | Spider:2 | Received a gift from Trog
 29351 | Spider:2 | Noticed Arachne
 29372 | Spider:2 | Killed Arachne
 29372 | Spider:2 | Received a gift from Trog
 29730 | Spider:2 | Reached XP level 17. HP: 153/153 MP: 16/16
 29874 | Spider:3 | Received a gift from Trog
 29900 | Spider:3 | Noticed Louise
 29907 | Spider:3 | Killed Louise
 30016 | Spider:3 | Received a gift from Trog
 30057 | Spider:3 | Reached skill level 19 in Polearms
 30827 | Spider:4 | Entered Level 4 of the Spider Nest
 30855 | Spider:4 | Received a gift from Trog
 31044 | Spider:4 | Reached skill level 15 in Fighting
 31044 | Spider:4 | Reached skill level 15 in Armour
 31945 | Spider:4 | Received a gift from Trog
 32170 | Spider:4 | Got a gossamer rune of Zot
 32701 | Vaults:1 | Entered Level 1 of the Vaults
 32708 | Vaults:1 | Received a gift from Trog
 32848 | Vaults:1 | Reached XP level 18. HP: 162/162 MP: 17/17
 32903 | Vaults:1 | Received a gift from Trog
 33221 | Vaults:1 | Reached skill level 20 in Polearms
 33394 | Vaults:1 | Noticed an Ice Fiend
 34223 | Vaults:2 | Received a gift from Trog
 34497 | Vaults:2 | Found Omugun's Armour Emporium.
 35066 | Vaults:2 | Received a gift from Trog
 35292 | Vaults:2 | Received a gift from Trog
 35839 | Vaults:3 | Reached XP level 19. HP: 171/171 MP: 18/18
 36020 | Vaults:3 | Found a staircase to the Crypt.
 36072 | Vaults:3 | Reached XP level 20. HP: 179/179 MP: 19/19
 36308 | Vaults:3 | Reached skill level 15 in Dodging
 36683 | Vaults:3 | Received a gift from Trog
 36987 | Vaults:3 | Noticed a Tzitzimitl
 37014 | Vaults:3 | Killed from afar by a sphinx

Skill      XL: |  1  2  3  4  5  6  7  8  9 10 11 12 13 14 15 16 17 18 19 20 |
---------------+-------------------------------------------------------------+-----
Fighting       | 4 5 6 7 8 9 10 11 12 13 14 15 16 | 16.4
Armour         | 3 4 5 6 7 8 10 11 12 13 14 15 16 | 16.9
Polearms       | 4 5 6 8 9 11 12 14 15 16 17 18 19 20 | 20.9
Dodging        | 3 4 5 6 7 8 10 11 12 13 14 15 | 15.2
Bows           | 1 4 6 8 10 11 13 14 15 16 17 19 | 19.5

Action                   |  1- 3 |  4- 6 |  7- 9 | 10-12 | 13-15 | 16-18 | 19-21 || total
-------------------------+-------+-------+-------+-------+-------+-------+-------++-------
Melee: Spear             |    70 |   136 |       |       |       |       |       ||   206
       Headbutt          |     7 |    21 |    49 |   151 |   258 |   320 |    54 ||   860
       Trident           |       |    12 |   309 |   679 |   303 |       |       ||  1303
       Halberd           |       |       |       |       |   829 |   244 |       ||  1073
       Glaive            |       |       |       |       |       |   985 |   212 ||  1197
 Fire: Shortbow          |       |       |    99 |   600 |  1152 |    61 |       ||  1912
       Longbow           |       |       |       |       |     4 |   711 |   121 ||   836
Invok: Berserk           |       |     1 |     5 |     6 |     9 |     3 |     2 ||    26
       Burn Spellbooks   |       |       |       |     5 |     6 |     3 |       ||    14
       Brothers in Arms  |       |       |       |       |     1 |       |       ||     1
       Trog's Hand       |       |       |       |       |       |       |     1 ||     1
 Abil: Evoke Flight      |       |       |       |       |     1 |       |       ||     1
Evoke: Wand              |       |       |       |       |     2 |       |       ||     2
  Use: Scroll            |       |       |     8 |    27 |     8 |     8 |     1 ||    52
       Potion            |       |       |       |       |     1 |     1 |       ||     2
 Stab: Sleeping          |     1 |       |       |       |       |       |       ||     1
       Distracted        |       |     1 |       |       |     1 |       |       ||     2
       Petrified         |       |       |       |       |     2 |       |       ||     2
       Petrifying        |       |       |       |       |     3 |       |       ||     3
  Eat: Chunk             |       |     5 |    13 |    32 |    46 |    32 |     4 ||   132
       Beef jerky        |       |     1 |       |     2 |     1 |       |       ||     4
       Royal jelly       |       |       |     1 |     3 |       |       |       ||     4
       Meat ration       |       |       |       |     2 |       |       |       ||     2
       Fruit             |       |       |       |       |     1 |       |     1 ||     2
Armor: Animal skin       |     4 |     1 |       |       |       |       |       ||     5
       Ring mail         |       |    15 |    95 |    55 |       |       |       ||   165
       Scale mail        |       |    19 |    34 |       |       |       |       ||    53
       Chain mail        |       |       |       |   115 |       |       |       ||   115
       Crystal plate arm |       |       |       |    23 |   728 |   232 |       ||   983
       Leather armour    |       |       |       |       |     4 |       |       ||     4
       Plate armour      |       |       |       |       |       |   656 |       ||   656
       Gold dragon armou |       |       |       |       |       |       |   121 ||   121
Dodge: Dodged            |    26 |    51 |   169 |   496 |   849 |  1359 |   105 ||  3055
Block: Other             |       |       |       |       |       |   241 |    36 ||   277
       Reflection        |       |       |       |       |       |     8 |     6 ||    14
